 Dungeon Crawl Stone Soup version 0.21.1-1-g345015f (webtiles) character file.

304 tidbits the Charmwright (level 6, 8/48 (50) HPs)
             Began as a Gnoll Skald on June 20, 2018.
             Quit the game on level 5 of the Dungeon.
             The game lasted 00:05:32 (485 turns).

tidbits the Charmwright (Gnoll Skald)                Turns: 485, Time: 00:05:33

HP:   8/48 (50)     AC:  4    Str: 14    XL:     6   Next: 38%
MP:   6/14          EV: 14    Int: 21    God:
Gold: 58            SH:  0    Dex: 14    Spells: 4/15 levels left

rFire    + . .     SeeInvis .   a - +0 hand axe
rCold    . . .     Gourm    +   (no shield)
rNeg     . . .     Faith    .   B - +1 leather armour {rF+}
rPois    .         Spirit   .   (no helmet)
rElec    .         Reflect  .   (no cloak)
rCorr    .         Harm     .   (no gloves)
MR       .....                  (no boots)
Stlth    ++........             e - amulet of the gourmand
HPRegen  0.00/turn              k - +4 ring of intelligence
MPRegen  0.14/turn              j - ring of wizardry

@: non-regenerating, diseased
A: distributed training, fangs 1, strong nose
a: no special abilities


You were on level 5 of the Dungeon.
You were not hungry.

You visited 1 branch of the dungeon, and saw 5 of its levels.

You collected 58 gold pieces.

Inventory:

Hand Weapons
 a - a +0 hand axe (weapon)
 i - a +0 dagger
Missiles
 f - 20 arrows
 o - 3 tomahawks (quivered)
Armour
 b - a +0 leather armour
 B - a +1 leather armour of fire resistance (worn)
   (You took it off an orc on level 3 of the Dungeon)
Jewellery
 e - an amulet of the gourmand (around neck)
   (You found it on level 1 of the Dungeon)
 j - a ring of wizardry (right hand)
   (You found it on level 1 of the Dungeon)
 k - a +4 ring of intelligence (left hand)
   (You found it on level 1 of the Dungeon)
Scrolls
 h - a scroll of enchant weapon {unknown}
 l - 2 scrolls of identify {unknown}
 m - a scroll of immolation {unknown}
 n - 2 scrolls of enchant armour {unknown}
 p - a scroll of magic mapping {unknown}
 q - a scroll of fog {unknown}
Books
 c - a book of Battle

   Spells                             Type                      Level
   a - Infusion                       Charms                       1
   b - Shroud of Golubria             Charms/Translocation         2
   c - Song of Slaying                Charms                       2
   d - Spectral Weapon                Hexes/Charms                 3
   e - Regeneration                   Charms/Necromancy            3
Comestibles
 d - 3 rations


   Skills:
 + Level 4.9 Fighting
 + Level 1.9 Short Blades
 + Level 1.9 Long Blades
 + Level 4.9 Axes
 + Level 1.9 Maces & Flails
 + Level 1.9 Polearms
 + Level 1.9 Staves
 + Level 1.9 Slings
 + Level 1.9 Bows
 + Level 1.9 Crossbows
 + Level 1.9 Throwing
 + Level 3.2 Armour
 + Level 4.9 Dodging
 + Level 1.9 Stealth
 + Level 1.9 Shields
 + Level 1.9 Unarmed Combat
 + Level 5.3 Spellcasting
 + Level 1.5 Conjurations
 + Level 1.5 Hexes
 + Level 5.6 Charms
 + Level 1.5 Summonings
 + Level 1.5 Necromancy
 + Level 1.5 Translocations
 + Level 1.5 Transmutations
 + Level 1.5 Fire Magic
 + Level 1.5 Ice Magic
 + Level 1.5 Air Magic
 + Level 1.5 Earth Magic
 + Level 1.5 Poison Magic
 + Level 2.1 Invocations
 + Level 1.9 Evocations


You had 4 spell levels left.
You knew the following spells:

 Your Spells              Type           Power        Failure   Level  Hunger
g - Shroud of Golubria    Chrm/Tloc      ###.......   1%          2    None
i - Infusion              Chrm           ####         1%          1    None
r - Regeneration          Chrm/Necr      ###.......   3%          3    ##.....
w - Spectral Weapon       Hex/Chrm       ###.....     3%          3    ##.....
y - Song of Slaying       Chrm           ####....     1%          2    None


Dungeon Overview and Level Annotations

Branches:
Dungeon (5/15)
 Temple: D:4-7

Altars:

Shops:
D:4 *

Annotations:
D:4 Bnni's ghost, amateur OpAs


Innate Abilities, Weirdness & Mutations

Your experience applies equally to all skills.
You have very sharp teeth.
Your uncanny sense of smell can sniff out nearby items.


Message History

Your experience leads to an increase in your attributes!
Your base attributes are Str 14, Int 16, Dex 14.
Increase (S)trength, (I)ntelligence, or (D)exterity?
You feel clever.
Things that are here:
a short sword; a chain mail Unknown command.
You feel a strong urge to attack something.
You are no longer berserk.
You are exhausted.
You feel yourself slow down.
There is a stone staircase leading up here.
You climb upwards.
Your summoned ally is left behind.
Your spectral weapon fades away.
There is a stone staircase leading down here.
Unknown command.
Unknown command.
Bnni's ghost (amateur Octopode Assassin) comes into view.
It is wielding a weapon of protection.
Bnni's ghost turns its malevolent gaze towards you.
Bnni's ghost closely misses you.
You feel yourself speed up.
There is a stone staircase leading down here.
Bnni's ghost hits you.
* * * LOW HITPOINT WARNING * * *
You climb downwards.
There is a stone staircase leading up here.
Unknown command.
Found a stone staircase leading up.
You recover from your berserk rage. 2 orcs and 2 orc wizards come into view.
The orc wizard shouts! x2; The orc shouts!
Found a hunting sling.
Unknown command.
Unknown command.
A necrophage comes into view.
Found a ration.
Casting: Spectral Weapon
Confirm with . or Enter, or press ? or * to list all spells.
You draw out your weapon's spirit!
The necrophage hits you.
* * * LOW HITPOINT WARNING * * *
You feel your flesh rotting away!
You barely miss the necrophage.
Your spectral weapon hits the necrophage!
The orc wizard gestures wildly while chanting.
The orc wizard seems to speed up.
The necrophage misses you.
You hit the necrophage but do no damage.
You bite the necrophage, but do no damage.
The necrophage is moderately damaged.
Your spectral weapon hits the necrophage.
The orc wizard looks braver for a moment.
The necrophage hits you but does no damage.
You closely miss the necrophage.
The necrophage is heavily damaged.
Your spectral weapon hits the necrophage.
Your spectral weapon hits the orc wizard.
The orc wizard hits your spectral weapon but does no damage.
The necrophage hits your spectral weapon.
Your spectral weapon shares its damage with you!
* * * LOW HITPOINT WARNING * * *
You closely miss the necrophage.
The necrophage is heavily damaged.
Your spectral weapon completely misses the necrophage.
Your spectral weapon misses the orc wizard.
The orc wizard hits your spectral weapon but does no damage.
The necrophage misses you.
The orc wizard barely misses your spectral weapon.
You closely miss the necrophage.
The necrophage is heavily damaged.
Your spectral weapon misses the necrophage.
Your spectral weapon barely misses the orc wizard.
The orc wizard mumbles some strange words.
The orc wizard flickers and vanishes!
The orc wizard hits your spectral weapon with a dagger.
Your spectral weapon shares its damage with you!
* * * LOW HITPOINT WARNING * * *
The necrophage hits you but does no damage.
You barely miss the necrophage. Your bite misses the necrophage.
The necrophage is heavily damaged.
Your spectral weapon barely misses the necrophage.
Your spectral weapon closely misses the orc wizard.
The orc wizard closely misses your spectral weapon.
The necrophage hits you.
* * * LOW HITPOINT WARNING * * *
You feel ill.
You feel your flesh rotting away!
The orc wizard hits your spectral weapon with a dagger.
You closely miss the necrophage.
You bite the necrophage, but do no damage.
The necrophage is heavily damaged.
Your spectral weapon hits the necrophage but does no damage.
Your spectral weapon hits the orc wizard.
The orc wizard gestures at you while chanting.
The puff of frost hits your spectral weapon.
Your spectral weapon resists.
Your spectral weapon shares its damage with you!
* * * LOW HITPOINT WARNING * * *
The necrophage hits you but does no damage.
You aren't carrying any potions.
Unknown command.
Are you sure you want to abandon this character and quit the game? (Confirm with "yes".) #.# #%# #.# ########. #.# #.o)oooo.

#.# #.# #.#
#.# #n#####.##
#@(oO{oo.#
#######..#
#####..######
#<..........<#
#.####O.####.#
#..# #.# #..#
#.## #... ...#
#.## #..#


You could see an ogre, a necrophage, an orc wizard, 2 orcs and a friendly
spectral hand axe.

Vanquished Creatures
  A water moccasin (D:4)
  An orc warrior (D:5)
  An orc priest (D:5)
  4 adders
  A howler monkey skeleton (D:4)
  A worm (D:3)
  4 orcs
  A giant cockroach (D:2)
  2 goblins
  4 hobgoblins (D:1)
  A kobold (D:1)
  A ball python (D:4)
  A frilled lizard (D:4)
  A quokka skeleton (D:4)
  3 rats
27 creatures vanquished.

Notes
Turn   | Place    | Note
-------+----------+-------------------------------------------
     0 | D:1      | tidbits the Gnoll Skald began the quest for the Orb.
     0 | D:1      | Reached XP level 1. HP: 20/20 MP: 6/6
    39 | D:1      | Reached XP level 2. HP: 26/26 MP: 2/7
   174 | D:3      | Learned a level 2 spell: Song of Slaying
   177 | D:3      | Learned a level 2 spell: Shroud of Golubria
   228 | D:3      | Reached skill level 5 in Spellcasting
   228 | D:3      | Reached XP level 3. HP: 17/31 MP: 1/9
   242 | D:3      | Learned a level 3 spell: Regeneration
   246 | D:3      | Learned a level 3 spell: Spectral Weapon
   309 | D:4      | Reached skill level 1 in Invocations
   327 | D:5      | Entered Level 5 of the Dungeon
   328 | D:5      | Noticed an orc warrior
   386 | D:4      | Found Qegroi's Serpentskin Sales.
   387 | D:4      | Noticed a water moccasin
   395 | D:4      | Killed a water moccasin
   395 | D:4      | Reached skill level 1 in Short Blades
   395 | D:4      | Reached skill level 1 in Long Blades
   395 | D:4      | Reached skill level 1 in Maces & Flails
   395 | D:4      | Reached skill level 1 in Polearms
   395 | D:4      | Reached skill level 1 in Staves
   395 | D:4      | Reached skill level 1 in Slings
   395 | D:4      | Reached skill level 1 in Bows
   395 | D:4      | Reached skill level 1 in Crossbows
   395 | D:4      | Reached skill level 1 in Throwing
   395 | D:4      | Reached skill level 3 in Armour
   395 | D:4      | Reached skill level 1 in Stealth
   395 | D:4      | Reached skill level 1 in Shields
   395 | D:4      | Reached skill level 1 in Unarmed Combat
   395 | D:4      | Reached skill level 1 in Conjurations
   395 | D:4      | Reached skill level 1 in Hexes
   395 | D:4      | Reached skill level 1 in Summonings
   395 | D:4      | Reached skill level 1 in Necromancy
   395 | D:4      | Reached skill level 1 in Translocations
   395 | D:4      | Reached skill level 1 in Transmutations
   395 | D:4      | Reached skill level 1 in Fire Magic
   395 | D:4      | Reached skill level 1 in Ice Magic
   395 | D:4      | Reached skill level 1 in Air Magic
   395 | D:4      | Reached skill level 1 in Earth Magic
   395 | D:4      | Reached skill level 1 in Poison Magic
   395 | D:4      | Reached skill level 1 in Evocations
   395 | D:4      | Reached XP level 4. HP: 9/38 MP: 2/11
   395 | D:4      | Reached XP level 5. HP: 10/43 MP: 2/12
   430 | D:5      | Noticed an ogre
   432 | D:5      | Killed an orc warrior
   432 | D:5      | Reached skill level 2 in Invocations
   432 | D:5      | Reached XP level 6. HP: 19/50 MP: 0/14
   451 | D:4      | Noticed Bnni's ghost (amateur OpAs)
   475 | D:5      | Noticed a necrophage
   485 | D:5      | Quit the game

Skill      XL: |  1  2  3  4  5 |
---------------+----------------+-----
Spellcasting   | 5 |  5.3
Invocations    | 1 2 |  2.1
Short Blades   | 1 |  1.9
Long Blades    | 1 |  1.9
Maces & Flails | 1 |  1.9
Polearms       | 1 |  1.9
Staves         | 1 |  1.9
Slings         | 1 |  1.9
Bows           | 1 |  1.9
Crossbows      | 1 |  1.9
Throwing       | 1 |  1.9
Armour         | 3 |  3.2
Stealth        | 1 |  1.9
Shields        | 1 |  1.9
Unarmed Combat | 1 |  1.9
Conjurations   | 1 |  1.5
Hexes          | 1 |  1.5
Summonings     | 1 |  1.5
Necromancy     | 1 |  1.5
Translocations | 1 |  1.5
Transmutations | 1 |  1.5
Fire Magic     | 1 |  1.5
Ice Magic      | 1 |  1.5
Air Magic      | 1 |  1.5
Earth Magic    | 1 |  1.5
Poison Magic   | 1 |  1.5
Evocations     | 1 |  1.9
Fighting       | |  4.9
Axes           | |  4.9
Dodging        | |  4.9
Charms         | |  5.6

Action                   |  1- 3 |  4- 6 || total
-------------------------+-------+-------++-------
Melee: Hand axe          |    47 |    20 ||    67
       Bite              |     4 |     2 ||     6
       Dagger            |     1 |       ||     1
 Cast: Infusion          |     6 |       ||     6
       Spectral Weapon   |     3 |     2 ||     5
  Use: Potion            |       |     1 ||     1
Armor: Leather armour    |     3 |     7 ||    10
Dodge: Dodged            |    20 |    10 ||    30

Table legend:
 A = Turns spent in this place as a percentage of turns spent in the entire game.
 B = Non-inter-level travel turns spent in this place as a percentage of non-inter-level travel turns spent in the entire game.
 C = Inter-level travel turns spent in this place as a percentage of turns spent in this place.
 D = Turns resting spent in this place as a percentage of non-inter-level travel turns spent in this place.
 E = Turns spent auto-exploring this place as a percentage of non-inter-level travel turns spent in this place.
 F = Non-inter-level travel turns spent in this place divided by the number of levels of this place that you've seen.
                   A       B       C       D       E      F
               +-------+-------+-------+-------+-------+----------------------
         Total | 100.0 | 100.0 |   0.0 |   0.0 |   0.0 |  97.0
       Dungeon | 100.0 | 100.0 |   0.0 |   0.0 |   0.0 |  97.0
               +-------+-------+-------+-------+-------+----------------------

Table legend:
 A = Kills in this place as a percentage of kills in entire the game.
 B = Kills by you in this place as a percentage of kills by you in the entire game.
 C = Kills by friends in this place as a percentage of kills by friends in the entire game.
 D = Other kills in this place as a percentage of other kills in the entire game.
 E = Experience gained in this place as a percentage of experience gained in the entire game.
 F = Experience gained in this place divided by the number of levels of this place that you have seen.
                   A       B       C       D       E      F
               +-------+-------+-------+-------+-------+----------------------
         Total | 100.0 | 100.0 |   N/A |   N/A | 100.0 |  87.0
       Dungeon | 100.0 | 100.0 |   N/A |   N/A | 100.0 |  87.0
               +-------+-------+-------+-------+-------+----------------------

Vault maps used:
D:1:      erik_arrival_orb_chamber, st_stairs_3
D:2:      chequers_ecumenical_altar_simple_redux, first_ration,
          kennysheep_generic_room_2, uniq_crazy_yiuf_cottage
D:3:      overflow_temple_1_default, uniq_jessica
D:4:      guppyfry_shop_venom
D:5:      trog_book
